 Dungeon Crawl Stone Soup version 0.29.1-15-g9cfb28693d (webtiles) character file.

Game seed: 2109739205773346076

718 damiac the Firebug (level 7, -3/59 HPs)
             Began as a Red Draconian Fire Elementalist on Apr 22, 2023.
             Killed by divine providence
             ... invoked by an orc priest
              (13 damage)
             ... on level 5 of the Dungeon.
             The game lasted 00:24:06 (6164 turns).

damiac the Firebug (DrFE)                           Turns: 6164, Time: 00:24:06

Health: -3/59      AC:  8    Str: 10    XL:     7   Next: 42%
Magic:  4/10       EV: 13    Int: 17    God:
Gold:   189        SH:  0    Dex: 12    Spells: 4/10 levels left

rFire   + . .      SeeInvis .   f - +1 long sword (drain)
rCold   . . .      Faith    .   (no shield)
rNeg    . . .      Spirit   .   (body armour unavailable)
rPois   .          Reflect  .   (helmet restricted)
rElec   .          Harm     .   (no cloak)
rCorr   .          Rampage  .   t - +1 pair of gloves
Will    .....                   (no boots)
Stlth   ++........              (no amulet)
HPRegen 0.19/turn               (no ring)
MPRegen 0.12/turn               (no ring)

@: short of breath
A: breathe fire, AC +6, unfitting armour, fire resistance 1, cold-blooded
a: Breathe Fire


You were on level 5 of the Dungeon.
You visited 1 branch of the dungeon, and saw 5 of its levels.

You collected 219 gold pieces.
You spent 30 gold pieces at shops.

Inventory:

Hand Weapons
 d - a +0 dagger
 f - a +1 long sword of draining (weapon)
 y - a +1 dagger of venom
Missiles
 b - 40 stones (quivered)
 n - a throwing net
 q - 16 poisoned darts
Armour
 t - a +1 pair of gloves (worn)
Jewellery
 p - a ring of resist corrosion
Wands
 k - a wand of light (7)
 m - a wand of paralysis (11)
 x - a wand of polymorph (9)
Scrolls
 c - a scroll of amnesia
 h - a scroll of brand weapon
 j - a scroll of teleportation
 l - a scroll of silence
 o - 2 scrolls of poison
Potions
 a - a potion of magic
 e - a potion of ambrosia {unknown}
 g - a potion of berserk rage {unknown}
 i - 2 potions of heal wounds
 r - 2 potions of flight {unknown}
 s - 4 potions of curing {unknown}
 u - a potion of mutation {unknown}
 v - 2 potions of cancellation {unknown}
 w - 2 potions of lignification {unknown}


   Skills:
 - Level 4.0 Fighting
 + Level 4.0 Dodging
 - Level 1.7 Stealth
 + Level 2.4 Spellcasting
 + Level 4.0 Conjurations
 + Level 6.1 Fire Magic


You had 4 spell levels left.
You knew the following spells:

 Your Spells              Type           Power      Damage    Failure   Level
a - Foxfire               Conj/Fire      76%        2x1d7     2%          1
b - Scorch                Fire           44%        2d7       2%          2
c - Conjure Flame         Conj/Fire      19%        6-21      7%          3

Your spell library contained the following spells:

 Spells                   Type           Power      Damage    Failure   Level
 Inner Flame              Hex/Fire       12%        N/A       16%         3
 Flame Wave               Conj/Fire      19%        2d7       22%         4


Dungeon Overview and Level Annotations

Branches:
Dungeon (5/15)
 Temple: D:4-7

Altars:
Elyvilon
Hepliaklqana
Kikubaaqudgha
Wu Jian

Shops:
D:2 *=(*:

Annotations:
D:5 1 runed translucent door, Crazy Yiuf, Prince Ribbit


Innate Abilities, Weirdness & Mutations

You can breathe blasts of fire.
Your fiery red scales are hard. (AC +6)
You cannot fit into any form of body armour.
Your flesh is heat resistant. (rF+)
You are cold-blooded and may be slowed by cold attacks.


Message History

The fiery breath hits the orc wizard!
You kill the orc wizard!
Your Dodging skill increases to level 4!
Your Conjurations skill increases to level 4!
Casting: Foxfire (safe; 2% risk of failure)
Confirm with . or Enter, or press ? or * to list all spells.
You conjure some foxfire!
The foxfire hits the orc priest but does no damage.
The orc priest is severely wounded.
The foxfire hits the orc priest but does no damage.
The orc priest is severely wounded.
You hear some strange, mumbled words.
A puff of flame appears from out of thin air!
The puff of flame hits you. You resist.
The orc priest invokes the aid of Beogh against you.
Beogh smites you!
Casting: Foxfire (safe; 2% risk of failure)
Confirm with . or Enter, or press ? or * to list all spells.
You conjure some foxfire!
The orc priest hits you with a +0 hand axe.
The orc priest closely misses your foxfire.
Something barely misses you.
Your foxfire dissipates!
The foxfire hits the orc priest.
The orc priest is almost dead.
The orc wizard gestures wildly while chanting.
The orc wizard flickers and vanishes!
The orc priest hits you but does no damage.
You barely miss the orc priest.
The orc priest is almost dead.
The orc priest misses you.
The orc priest invokes the aid of Beogh against you.
Beogh smites you!
* * * LOW HITPOINT WARNING * * *
Casting: Foxfire (safe; 2% risk of failure)
Confirm with . or Enter, or press ? or * to list all spells.
Flames lash something.
The orc priest mumbles some strange prayers to Beogh against you.
Beogh smites you!
You die...

....
.###############.#
##...# ..#.
#.............#
#..## ..#
#.###########.#
#.## .## #.# #.#
#.# . #.#####
#.####.### #.
#.....# #.........
#####.# #.########
#.# #.# #@# #.#
#.# #.#
######o#######.#
#....{..ยง...##.#
#.####.####.##.#
#.....# #.#
#..<..#
#...).......
#......##.##


You could see an orc priest.

Vanquished Creatures
  A black bear (D:4)
  A phantom (D:5)
  A necrophage (D:5)
  A scorpion (D:4)
  A howler monkey (D:5)
  A hound (D:5)
  A jelly (D:4)
  2 iguanas (D:5)
  Ijyb (D:5)
  An orc wizard (D:5)
  Robin (D:4)
  7 gnolls
  6 adders
  A white imp (D:5)
  An ufetubus (D:4)
  3 worms
  A dart slug (D:1)
  An orc (D:4)
  4 bats
  9 endoplasms
  3 giant cockroaches
  21 goblins
  7 hobgoblins
  2 jackals (D:1)
  2 quokkas
  7 ball pythons
  2 frilled lizards (D:1)
  5 kobolds
  5 rats
99 creatures vanquished.

Vanquished Creatures (others)
  350 foxfires
  A plant (D:1)
351 creatures vanquished.

Grand Total: 450 creatures vanquished

Notes
Turn   | Place    | Note
-------+----------+-------------------------------------------
     0 | D:1      | damiac the Draconian Fire Elementalist began the quest for
                  | the Orb.
     0 | D:1      | Reached XP level 1. HP: 14/14 MP: 3/3
    91 | D:1      | Found a faded altar of an unknown god.
   160 | D:2      | Found Siymippabe's Jewellery Boutique.
   213 | D:1      | Reached XP level 2. HP: 13/22 MP: 0/5
   550 | D:1      | Reached skill level 1 in Fighting
   852 | D:1      | Reached XP level 3. HP: 24/28 MP: 1/6
  2133 | D:2      | Found Muronlux's Antique Weapon Shoppe.
  2158 | D:2      | Reached XP level 4. HP: 36/36 MP: 4/7
  2483 | D:2      | Found Amo Yce's Book Shoppe.
  2489 | D:2      | Found Weduazuw's Assorted Antiques.
  2516 | D:2      | Bought a scroll labelled AKUNUI EZUMI for 30 gold pieces
  2519 | D:2      | Learned a level 2 spell: Scorch
  2760 | D:2      | Found Biunoz Ijirr's General Store.
  3100 | D:3      | Found a hazy altar of Hepliaklqana.
  3646 | D:3      | Found an ornate altar of the Wu Jian Council.
  3849 | D:4      | Reached XP level 5. HP: 42/42 MP: 2/8
  4016 | D:4      | Reached skill level 4 in Fire Magic
  4079 | D:4      | Learned a level 3 spell: Conjure Flame
  4463 | D:4      | Found a white marble altar of Elyvilon.
  4535 | D:4      | Found an ancient bone altar of Kikubaaqudgha.
  4584 | D:4      | Noticed Robin
  4713 | D:4      | Killed Robin
  4714 | D:4      | Reached XP level 6. HP: 48/50 MP: 0/9
  5463 | D:5      | Entered Level 5 of the Dungeon
  5676 | D:5      | Noticed Prince Ribbit
  5709 | D:5      | Your scales start taking on a fiery red colour.
  5709 | D:5      | Reached skill level 5 in Fire Magic
  5709 | D:5      | Reached XP level 7. HP: 53/58 MP: 6/10
  5709 | D:5      | Gained mutation: Your flesh is heat resistant. (rF+) [Red
                  | Draconian growth]
  5916 | D:5      | Reached skill level 6 in Fire Magic
  5946 | D:5      | Noticed Ijyb
  5956 | D:5      | Paralysed by Ijyb for 2 turns
  5961 | D:5      | Killed Ijyb
  6081 | D:5      | Found a runed translucent door.
  6082 | D:5      | Noticed Crazy Yiuf
  6164 | D:5      | Killed from afar by an orc priest

Illustrated notes

Levels and vault maps discovered:
D:1:      psy_arrival_conway, layout_basic, hellmonk_ecumenical_altar_run_dry,
          grunt_decor_mini_mirrors
D:2:      layout_loops_cross, serial_shops, nicolae_shop_advertising_works
          [nicolae_subvault_shop_adworks], nicolae_shop_behind_doors,
          nicolae_square_shop, shop, nicolae_shop_trees
D:3:      layout_rooms, nicolae_wu_jian_wuxing_cycle, nzn_hepliaklqana_mist_gate
D:4:      layout_cave_pods, nicolae_overflow_crystal_walls, old_standard_altar,
          reono_crystal_passage, grunt_ministairs_4, mrwooster_statue_mirror,
          uniq_robin
D:5:      layout_loops_ring, kennysheep_generic_room_14,
          uniq_crazy_yiuf_cottage, uniq_ijyb, uniq_prince_ribbit1

Skill      XL: |  1  2  3  4  5  6  7 |
---------------+----------------------+-----
Dodging        | 2 3 4 |  4.0
Fighting       | 1 2 3 4 |  4.0
Conjurations   | 2 3 4 |  4.0
Fire Magic     | 4 5 6 |  6.1
Stealth        | |  1.7
Spellcasting   | |  2.4

Action                   |  1- 3 |  4- 6 |  7- 9 || total
-------------------------+-------+-------+-------++-------
Melee: Unarmed           |    12 |       |       ||    12
       Tailslap          |     2 |     1 |       ||     3
       Dagger            |    14 |       |       ||    14
       Long sword        |     3 |    12 |    10 ||    25
 Cast: Foxfire           |    61 |   139 |    19 ||   219
       Scorch            |       |       |     2 ||     2
 Abil: Breathe Fire      |       |       |     3 ||     3
  Use: Scroll            |     1 |     9 |     1 ||    11
Armor: Skin              |    32 |    20 |     6 ||    58
Dodge: Dodged            |    61 |    23 |     6 ||    90
